 Dungeon Crawl Stone Soup version 0.19.0 (webtiles) character file.

78 Danakh the Skirmisher (level 4, 0/37 HPs)
             Began as a Demonspawn Chaos Knight on Nov 5, 2016.
             Was an Initiate of Okawaru.
             Slain by a sixfirhy (5 damage)
             ... summoned by Xom
             ... on level 2 of the Dungeon.
             The game lasted 00:03:19 (930 turns).

Danakh the Skirmisher (Demonspawn Chaos Knight)      Turns: 930, Time: 00:03:20

Health: 0/37       AC:  9    Str: 13    XL:     4   Next: 15%
Magic:  4/4        EV: 11    Int: 13    God:    Okawaru [......]
Gold:   98         SH:  0    Dex: 13    Spells: 0 memorised, 3 levels left

rFire  . . .     SeeInvis .     a - +0 hand axe (chaos)
rCold  . . .     Gourm    .     b - +2 leather armour
rNeg   . . .     Faith    .     (no shield)
rPois  .         Spirit   .     (no helmet)
rElec  .         Reflect  .     (no cloak)
rCorr  .         Harm     .     (no gloves)
MR     .....                    f - +1 pair of boots {Stlth+}
Stlth  ++........               (no amulet)
                                (no ring)
                                (no ring)

@: no status effects
A: hooves 1, yellow scales 1
a: Renounce Religion


You were on level 2 of the Dungeon.
You worshipped Okawaru.
Okawaru was noncommittal.
You were not hungry.

You visited 1 branch of the dungeon, and saw 2 of its levels.

You collected 98 gold pieces.

Inventory:

Hand Weapons
 a - a +0 hand axe of chaos (weapon)
Armour
 b - a +2 leather armour (worn)
 f - a +1 pair of boots of stealth (worn)
Scrolls
 e - 2 scrolls of remove curse
 h - 2 scrolls of identify {unknown}
 j - a scroll of enchant weapon {unknown}
Potions
 g - a potion of curing {unknown}
 i - 2 potions of mutation {unknown}
Comestibles
 c - a bread ration
 d - 2 fruits


   Skills:
 + Level 3.8 Fighting
 + Level 3.6 Axes
 + Level 2.2 Armour
 + Level 1.1 Dodging
 + Level 0.4 Stealth


You had 3 spell levels left.
You didn't know any spells.

Dungeon Overview and Level Annotations

Branches:
Dungeon (2/15)

Altars:
Okawaru
Zin


Innate Abilities, Weirdness & Mutations

You have large cloven feet.
You are partially covered in yellow scales. (AC +2)


Message History

You hit the crimson imp but do no damage.
The crimson imp appears confused.
Your bones ache.
The crimson imp is heavily wounded.
You miss the sixfirhy. You hit the iron imp. You hit the white imp.
You closely miss the crimson imp.
The sixfirhy hits you but does no damage. x2
The crimson imp hits you but does no damage.
You hit the crimson imp.
Space warps horribly around the crimson imp!
You kill the crimson imp!
You hit the crimson imp. You closely miss the iron imp. You hit the iron imp.
You heal the iron imp.
The iron imp is moderately wounded.
You closely miss the sixfirhy.
The sixfirhy hits you but does no damage.
The sixfirhy hits you! The sixfirhy shocks you!
* * * LOW HITPOINT WARNING * * *
The sixfirhy hits you.
You die... "It was about time."

#...........#..# ###.# #......
#...........#..# #.# #..<...
#..........##..# #.###......
#.........5##..#######...†......
#.........).#...........##......
#..<......#....##..###.###......
#.........##..5###..##.#########
#########....53####.##..####..>.
#..#.#55@.5........##....
#.##.###555...##.#....... #.##.#
#555....#.####.... #.##.#
#................. #.##.#
#....#............ ###.##.#
#....####..###.... #[..##.#
#####.............
#.####.#####....##....#####
#.##........#.#.##.##....


You could see a sixfirhy, 4 iron imps, 3 crimson imps, 4 white imps and an
ufetubus.

Vanquished Creatures
  3 adders
  An ooze (D:2)
  2 worms (D:2)
  3 leopard geckos
  3 ball pythons
  A giant cockroach (D:1)
  A hobgoblin (D:1)
  3 jackals (D:1)
  5 kobolds
  4 bats
  2 frilled lizards
  5 goblins
  9 rats
42 creatures vanquished.

Notes
Turn   | Place    | Note
-------+----------+-------------------------------------------
     0 | D:1      | Danakh the Demonspawn Chaos Knight began the quest for the Orb.
     0 | D:1      | Reached XP level 1. HP: 18/18 MP: 1/1
   125 | D:1      | Gained mutation: You have large cloven feet. [demonic ancestry]
   125 | D:1      | Reached XP level 2. HP: 18/24 MP: 2/2
   133 | D:1      | XOM: divination: detect items
   135 | D:1      | Reached skill level 1 in Dodging
   173 | D:1      | XOM: potion effect (berserk rage)
   182 | D:1      | Gained mutation: You are partially covered in yellow scales. (AC +2) [demonic ancestry]
   182 | D:1      | Reached XP level 3. HP: 29/29 MP: 3/3
   515 | D:2      | Found a glowing silver altar of Zin.
   565 | D:2      | Found an iron altar of Okawaru.
   575 | D:2      | Reached XP level 4. HP: 20/37 MP: 4/4
   721 | D:2      | Fell from the grace of Xom
   721 | D:2      | Became a worshipper of Warmaster Okawaru
   925 | D:2      | XOM: summons 14 hostile demons
   926 | D:2      | Noticed a sixfirhy
   930 | D:2      | Slain by a sixfirhy

Skill      XL: |  1  2 |
---------------+-------+-----
Axes           | 3 |  3.6
Dodging        | 1 |  1.1
Armour         | 2 |  2.2
Fighting       | |  3.8
Stealth        | |  0.4

Action                   |  1- 3 |  4- 6 || total
-------------------------+-------+-------++-------
Melee: Hand axe          |    93 |    21 ||   114
       Kick              |    13 |     2 ||    15
  Use: Scroll            |     1 |       ||     1
 Stab: Paralysed         |     1 |       ||     1
       Petrified         |     3 |       ||     3
       Sleeping          |       |     2 ||     2
Armor: Leather armour    |    38 |    13 ||    51
Dodge: Dodged            |    57 |    11 ||    68
